[Event "45th FIDE Olympiad 2024"]
[Site "Budapest"]
[Date "2024.09.16"]
[Round "6.138"]
[White "Pereira, Ruben"]
[Black "Karimov, Alisher"]
[Result "1/2-1/2"]
[ECO "B23"]
[WhiteElo "2457"]
[BlackElo "2240"]
[Annotator "TA"]
[PlyCount "103"]
[EventDate "2024.09.05"]
[EventType "team-tourn"]
[EventCountry "HUN"]
[SourceTitle "playchess.com"]
[Source "ChessBase"]
[SourceQuality "1"]
[WhiteTeam "Portugal"]
[BlackTeam "Tajikistan"]
[WhiteTeamCountry "POR"]
[BlackTeamCountry "TJK"]
[TimeControl "40/5400+30:1800+30"]

1. e4 c5 2. Nc3 e6 3. Nge2 Nc6 4. g3 d5 5. exd5 exd5 6. d4 Bg4 7. Bg2 Nxd4 8. h3 Bf3 9. Kf1 Qf6 10. Qd3 Bxg2+ (10... Bxe2+ {simplifies} 11. Nxe2 O-O-O 12. Nxd4 Qxd4 13. Qxd4 cxd4 14. h4 Ne7) 11. Kxg2 Nxe2 12. Qxe2+ Ne7 $1 (12... Qe6 13. Re1 Qxe2 14. Rxe2+ Kd7 15. Nxd5 $16) 13. Nb5 {[%mdl 1024] White has compensation.} Kd7 {Against Nc7} 14. Re1 {Threatens to win with Qg4+.} a6 (14... Qe6 $11 {remains equal.}) 15. Qg4+ $1 $16 Kc6 (15... Kd8 $16 16. Bg5 Qc6) 16. Qa4 $2 ({White has to play} 16. Nc3 $1 $18) 16... Kd7 $1 $11 {[%cal Bc6d7,Bd7e8,Be8f7,Bf7f8,Bf8g7][%mdl 32] [#]} 17. Nd6+ $1 b5 $1 18. Nxb5 {[%cal Ob5d6] Nd6+! would now be deadly.} Qc6 $132 {[%mdl 2048] Black is not holding back} 19. Qg4+ f5 20. Rxe7+ $1 Bxe7 (20... Kxe7 21. Bg5+ Kf7 22. Qxf5+ Kg8 23. Nc7 d4+ 24. Kg1) 21. Qxf5+ Ke8 22. Bg5 $1 d4+ (22... Qxb5 $2 {too greedy.} 23. Re1 Qd7 24. Rxe7+ Qxe7 25. Bxe7 Kxe7 26. Qe5+ (26. Qxd5 Rhc8 $18) 26... Kf7 27. Qxd5+ Kf6 28. Qxc5 $18) 23. Kg1 {[%cal Oa1e1] White wants to mate with Re1! Really sharp!} Bf6 $1 (23... axb5 $2 24. Re1 Ra7 25. Re6 $18) 24. Bxf6 gxf6 25. Re1+ Kf7 26. Qh5+ Kf8 27. Na3 {Black must now prevent Nc4.} Re8 (27... Rg8 $11) 28. Rxe8+ $14 Qxe8 29. Qxc5+ {[%mdl 4096] Endgame. KQR-KQN} Kg7 30. Qa7+ ({White should try} 30. Qxd4 $16 {Nc4 is the strong threat.} Qc8 31. Nc4) 30... Qf7 $11 31. Qxd4 {And now Nc4 would win.} Re8 $1 32. Qg4+ Kh8 $1 {Hoping for ...Re1+.} 33. Qf3 Kg7 34. b3 Qe6 ({Better is} 34... Re1+ $1 $11 35. Kg2 Rc1) 35. Kg2 $14 Qe2 36. Qxe2 Rxe2 $16 {KR-KN} 37. Kf3 (37. Kf1 $16 Re8 (37... Rd2 38. Ke1 $14) 38. Nc4) 37... Re1 $14 38. Nc4 Kf7 39. Ne3 Ke6 40. Kf4 Re2 {[#]} (40... a5 $14) 41. f3 $1 $16 Kd6 42. h4 Kc5 {[#]} 43. Ke4 (43. g4 $1 $16) 43... Kb4 (43... f5+ $1 $14 44. Kf4 (44. Kxf5 $2 {is the wrong capture.} Rxe3 45. f4 Rxg3 $19) 44... Kb4) 44. f4 ({White should play} 44. Kd3 $16 Rf2 45. f4) 44... Kc3 $11 {Strongly threatening ...Kd2.} 45. Kf3 Re1 (45... Kd2 $11 46. Nd5 f5) 46. Nd5+ $18 Kxc2 47. Nb4+ $2 (47. Nxf6 $18 Re7 48. g4) 47... Kd2 $11 48. Nxa6 f5 {aiming for ...Rf1+.} 49. Nb4 Re3+ (49... Rf1+ $5 50. Kg2 Ke2 $17) 50. Kg2 {The position is equal.} Re2+ 51. Kf3 Re3+ 52. Kf2 {Weighted Error Value: White=0.27 (precise) /Black=0.25 (precise) .  Loses game:     	---       	Black=1      Missed win:     	White=2     	---        Mistake:       	White=4     	Black=6      Inaccurate:     	White=3     	Black=5      OK:         	White=19    	Black=14     Best:        	White=5     	Black=5      Strong:       	White=4     	Black=6} 1/2-1/2

[Event "45th FIDE Olympiad 2024"]
[Site "Budapest"]
[Date "2024.09.16"]
[Round "6.139"]
[White "Ilkhomi, Jaloliddin"]
[Black "Sousa, Andre Ventura"]
[Result "1/2-1/2"]
[ECO "E04"]
[WhiteElo "2227"]
[BlackElo "2403"]
[Annotator "TA"]
[PlyCount "112"]
[EventDate "2024.09.05"]
[EventType "team-tourn"]
[EventCountry "HUN"]
[SourceTitle "playchess.com"]
[Source "ChessBase"]
[SourceQuality "1"]
[WhiteTeam "Tajikistan"]
[BlackTeam "Portugal"]
[WhiteTeamCountry "TJK"]
[BlackTeamCountry "POR"]
[TimeControl "40/5400+30:1800+30"]

1. Nf3 Nf6 2. c4 e6 3. g3 d5 4. Bg2 dxc4 5. Qa4+ Bd7 6. Qxc4 c5 7. d4 Nc6 8. O-O b5 9. Qd3 c4 10. Qc2 {E04: Open Catalan: 5 Nf3.} Rc8 11. Bg5 Be7 12. Rd1 O-O 13. Nc3 b4 $146 ({Predecessor:} 13... Qb6 14. d5 Nb4 15. Qd2 Nbxd5 16. Ne5 Rfd8 17. Bxd5 exd5 18. Bxf6 Qxf6 19. Nxd7 Rxd7 20. Nxd5 {0-1 Kokje,J (2232)-Minko,D (2011) Hoogeveen op 22nd 2018 (8)}) 14. d5 Nxd5 15. Nxd5 Bxg5 16. Nxg5 Qxg5 17. Ne3 Nb8 18. Nxc4 Bb5 19. b3 a5 20. Rac1 Nd7 21. Qb2 Bxc4 22. Rxd7 Bb5 23. Rxc8 Rxc8 24. Rd2 Qc5 25. Bf3 Qc3 26. Kg2 (26. Bb7 $11 Qxb2 27. Rxb2) 26... f5 $15 27. e4 (27. e3 $15) 27... Bc6 (27... Bf1+ $142 $1 28. Kxf1 Qxf3) 28. Qxc3 $17 bxc3 29. Rc2 $1 fxe4 (29... Bxe4 30. Bxe4 fxe4 31. f3 $11) 30. Be2 Bd5 31. Kg1 $2 ({White should play} 31. Kf1 $15) 31... a4 $1 $19 32. bxa4 Bxa2 33. a5 (33. Rxa2 c2) 33... Bb3 34. Rc1 {[#]} Kf7 (34... c2 $1 $19 {and Black stays clearly on top. Threatens to win with ...Kf7.} 35. a6 Rd8) 35. a6 {[#]} ({White should try} 35. f3) 35... Kf6 (35... c2 $1 $17 {...Rd8 is the strong threat.} 36. f3 Bd5 37. fxe4 Bxe4) 36. Bd1 $1 $15 Bxd1 37. Rxd1 Ke5 38. a7 $1 e3 (38... c2 39. Rc1 Ra8 40. Kg2 $16) (38... Ra8 $5 39. Rd7 $8 c2 $11) 39. fxe3 Ke4 40. Rd4+ $1 Kxe3 41. Rc4 $1 Rxc4 42. a8=Q c2 43. Qa3+ Ke2 44. Qc1 e5 45. Kg2 Rc3 46. Qf1+ Ke3 47. Qf2+ Kd3 48. Qf3+ Kd4 49. Qf2+ Kc4 50. Qf7+ Kb4 51. Qb7+ (51. Qxg7 $2 c1=Q (51... c1=R 52. Qxe5 R1c2+ 53. Kh3 $16) 52. Qe7+ Rc5 $19) 51... Ka3 52. Qa6+ (52. Qxg7 $2 c1=Q (52... c1=R 53. Qxe5 R1c2+ 54. Kh3 $14) 53. Qa7+ Kb2 54. Qb7+ Rb3 $19) 52... Kb2 53. Qb5+ Ka2 54. Qa4+ (54. Qxe5 $2 c1=Q (54... c1=R 55. Qa5+ Kb2 56. Kh3 $11) 55. Qe6+ Ka1 $19) 54... Kb2 55. Qb5+ Ka2 56. Qa4+ (56. Qxe5 c1=Q (56... c1=R 57. Qxg7 Rc7 58. Qg8+ Ka3 59. Qf8+ R1c5 60. Kh3 $16) 57. Qd5+ Kb1 58. Qb7+ Qb2+ 59. Qxb2+ Kxb2 60. Kh3 Rc2 61. Kg4 Rf2 (61... Rxh2 {gets mated.} 62. Kf3 Kc3 63. Ke4 Rh5 64. g4 Rb5 65. g5 g6 66. Ke3 Re5+ 67. Kf4 Re2 68. Kg3 Kd2 69. Kh3 Ke3 70. Kg3 Rf2 71. Kg4 Rg2+ 72. Kh4 Kf4 73. Kh3 Ra2 74. Kh4 Rh2#) 62. h4 Kc3 63. Kh5 Kd3 (63... Rf5+ 64. Kg4 g6 65. h5 Kd2 66. Kh4 Ke2 67. hxg6 hxg6 68. g4 Rd5 69. Kg3 g5 70. Kg2 Re5 71. Kh2 Kf2 72. Kh3 Re7 73. Kh2 Rh7#) 64. Kg5 Ke4 65. h5 Rf5+ 66. Kg4 h6 67. Kh4 Rg5 68. Kh3 Kf3 (68... Rxh5+ 69. Kg2 Ke3 70. g4 Rh4 71. g5 Rg4+ 72. Kh3 Rxg5 73. Kh2 Kf3 74. Kh1 Kf2 75. Kh2 Rh5#) 69. g4 Rxg4 70. Kh2 Rh4+ 71. Kg1 Rxh5 72. Kf1 Rh1#) 56... Kb2 1/2-1/2

[Event "45th FIDE Olympiad 2024"]
[Site "Budapest"]
[Date "2024.09.16"]
[Round "6.140"]
[White "Barria Santos, Jose Guilherme"]
[Black "Kabilov, Amin"]
[Result "0-1"]
[ECO "E90"]
[WhiteElo "2411"]
[BlackElo "2212"]
[Annotator "TA"]
[PlyCount "104"]
[EventDate "2024.09.05"]
[EventType "team-tourn"]
[EventCountry "HUN"]
[SourceTitle "playchess.com"]
[Source "ChessBase"]
[SourceQuality "1"]
[WhiteTeam "Portugal"]
[BlackTeam "Tajikistan"]
[WhiteTeamCountry "POR"]
[BlackTeamCountry "TJK"]
[TimeControl "40/5400+30:1800+30"]

1. d4 Nf6 2. c4 g6 3. Nc3 Bg7 4. e4 O-O 5. Nf3 d6 6. h3 c5 7. d5 e6 8. Bd3 e5 (8... exd5 $14 9. cxd5 Re8) 9. Bg5 h6 10. Be3 Nh5 {White is better.} 11. Qd2 Kh7 12. g3 Qe7 13. O-O-O a6 14. Nh2 Re8 15. Be2 b5 16. Bxh5 gxh5 17. Qe2 (17. cxb5 axb5 18. Nxb5 Rxa2 $17 (18... Bxh3 19. Qe2 $16)) 17... Nd7 18. Qxh5 (18. cxb5 axb5 19. Qxb5 f5 $15) 18... Nb6 19. Ng4 Qf8 20. Kb1 (20. cxb5 $6 f5 $11) 20... Bd7 {[#]} 21. Nxh6 Bxh6 22. g4 $1 Nxc4 (22... bxc4 $2 23. g5 f5 24. g6+ (24. gxh6 f4 $18) (24. Qxh6+ Qxh6 25. gxh6 f4 $11) 24... Kg8 25. Bxh6 $18) 23. Bc1 f6 24. h4 (24. Rhg1 $16) 24... Qg7 25. g5 {[%mdl 1024] White has compensation.} Qg6 26. Qf3 Rg8 27. Rdg1 {[%cal Ob2b3] Black must now prevent b3!} (27. gxh6 Bg4 28. Qd3 Bxd1 29. Nxd1 Qh5 $17) 27... Raf8 {[%cal Rf6g5] Strongly threatening ...fxg5.} (27... fxg5 28. hxg5 Raf8 29. Qd1 $18 (29. Rxh6+ Qxh6 30. Qd1 Qh4 $17)) 28. h5 $2 (28. Qe2 $11) 28... Qg7 $19 (28... fxg5 29. hxg6+ Kg7 30. Qh5 Rh8 31. Bxg5 Kg8 32. Bxh6 Rf6 33. Qg5) 29. gxh6 Qxg1 30. Rxg1 Rxg1 31. Kc2 {Inhibits Nd2.} Bg4 32. Qd3 Rg2 {Chess con chili. Black has more active pieces.} (32... Bxh5 33. b3 Nb6 34. Qh3 $16) (32... f5 $1 $17 {[%cal Rf5e4] aiming for ...fxe4.} 33. b3 Nb6) 33. b3 $2 (33. Kb1 $11 {and White has nothing to worry.}) 33... Rxf2+ 34. Kb1 Rf3 35. Qc2 Ne3 36. Qh2 Nf1 (36... Kxh6 $2 37. Nd1 Rg8 38. Nxe3 $18 (38. Bxe3+ Kh7 $18)) 37. Qh4 Rg8 38. Ne2 {[#]} Bd7 $2 (38... Bh3 $1 $19 39. Nf4 exf4 40. Qxf6 Nd2+ 41. Bxd2 Rg1+ 42. Kb2 Rf2 43. Qe7+ Kxh6 44. Qxd6+ Kxh5 45. Qe5+ (45. Qxc5 $2 Rxd2+ 46. Ka3 Rgd1 $19) 45... Kh4) 39. Nf4 $11 {[%cal Oh4f6] Repels Rg2} Rg5 (39... Rxf4 40. Bxf4 exf4 41. Qxf6 (41. Qxf4 Rg1 $16)) 40. Ne6 Rg8 41. Nf4 Rg5 $36 {[%mdl 2048] Black fights for an advantage.} (41... Rxf4 42. Bxf4 exf4 43. Qxf6 (43. Qxf4 Rg1 $16)) 42. Ne6 Rg8 43. Qh1 Rf2 44. Ng7 {[#]} (44. Nf8+ $11 Kh8 (44... Rxf8 $2 45. Qg1 $18) 45. Ng6+ Kh7 46. Nf8+ (46. Qh4 Rf3 $14) 46... Kh8 (46... Rxf8 $2 47. Qg1 $18) 47. Nxd7) 44... Nh2 (44... Ng3 $1 $17 45. Qg1 Rf3 (45... Nxe4 $2 {loses.} 46. Qg6+ Kh8 47. Qxe4 $18)) 45. Qe1 Ng4 {[%cal Ob5b4] Threatens to win with ...b4!} 46. Ne6 $2 (46. Qa5 $11 Nxh6 47. Ne6) 46... b4 $1 $19 47. a4 {Wards off Bb5} a5 (47... bxa3 $19 {and Black stays clearly on top. ...Bb5 would now be deadly.} 48. Qc3 a2+ (48... Nxh6 $2 49. Qe1 $19) 49. Ka1 Kh8 (49... Nxh6 $2 50. Qe1 $19)) 48. Ka1 Be8 ({Better is} 48... Rh2 $17) 49. Ng7 $1 $11 Bd7 $2 (49... Rh2 $11) 50. Ne6 $1 $19 Bc8 {[%cal Oc8a6] Hoping for ...Ba6!} 51. Kb1 $2 (51. Qg1) 51... Ba6 52. Qg1 Bd3+ {Weighted Error Value: White=0.43/Black=0.30.  Loses game:     	White=3     	---        Missed win:     	---       	Black=2      Mistake:       	White=3     	Black=4      Inaccurate:     	White=1     	Black=1      OK:         	White=20    	Black=16     Best:        	White=1     	Black=6      Strong:       	White=3     	Black=1} (52... Nxh6 $2 {perishes.} 53. Qxf2 Bd3+ 54. Kb2 $18) 0-1

[Event "45th FIDE Olympiad 2024"]
[Site "Budapest"]
[Date "2024.09.16"]
[Round "6.141"]
[White "Kantor, Gergely"]
[Black "Laohawirapap, Prin"]
[Result "1-0"]
[ECO "E04"]
[WhiteElo "2537"]
[BlackElo "2380"]
[Annotator "TA"]
[PlyCount "77"]
[EventDate "2024.09.05"]
[EventType "team-tourn"]
[EventCountry "HUN"]
[SourceTitle "playchess.com"]
[Source "ChessBase"]
[SourceQuality "1"]
[WhiteTeam "Hungary C"]
[BlackTeam "Thailand"]
[BlackTeamCountry "THA"]
[TimeControl "40/5400+30:1800+30"]

1. d4 Nf6 2. c4 e6 3. Nf3 d5 4. Nc3 c6 5. g3 dxc4 6. Ne5 b5 7. Bg2 Nd5 8. O-O Bb7 9. a4 a6 10. e4 Nxc3 11. bxc3 Nd7 12. f4 Be7 13. Ng4 O-O 14. f5 Kh8 15. e5 exf5 {The position is equal.} 16. Rxf5 f6 17. Qc2 {Black must now prevent e6.} g6 (17... fxe5 $2 18. Rh5 h6 19. Bxh6 $18 (19. dxe5 Qe8 $11)) 18. Rf1 {And now Bh6 would win.} f5 {[#]} (18... fxe5 $11 19. Be3 Rxf1+ 20. Rxf1 Qg8) 19. Nh6 $1 $16 {Strongly threatening g4.} Kg7 20. e6 ({Much less strong is} 20. g4 Bg5 $11) ({Better is} 20. Qe2 $16) 20... Nf6 $14 21. Nf7 {The board is on fire.} Rxf7 22. exf7 Kxf7 (22... Qd7 $14) 23. Bg5 Qd7 $1 24. Rae1 $36 {[%cal Og3g4][%mdl 3072] White has strong compensation. White has strong initiative.} Re8 25. Qd2 {White has more active pieces.} a5 ({Black should play} 25... h5) 26. h3 b4 27. g4 $1 {aiming for gxf5.} bxc3 $2 {Loses the game.} (27... Bc8 $16) 28. Qxc3 $18 Nd5 29. Qc1 (29. Qxa5 $2 {is the wrong capture.} Bxg5 30. gxf5 gxf5 31. Rxe8 Kxe8 $19) (29. Bxd5+ $142 cxd5 30. Bxe7 Rxe7 31. gxf5 (31. Qxa5 Qd6 $18) 31... gxf5 32. Qxa5) 29... Bxg5 30. Qxg5 Ne3 (30... Rxe1 31. Rxe1 Nf6) 31. Rxe3 Qxd4 32. Rff3 c5 {[#]} 33. Rxf5+ gxf5 34. Qh5+ Kg7 35. Qxe8 {Intending Qe7+ and mate.} Be4 36. Qe7+ {White mates.} Kh6 37. Qh4+ Kg7 38. Qg5+ Kh8 39. gxf5 {Weighted Error Value: White=0.44/Black=0.45.  Loses game:     	---       	Black=1      Mistake:       	White=2     	Black=4      Inaccurate:     	White=2     	Black=2      OK:         	White=4     	Black=5      Best:        	White=1     	Black=1      Strong:       	White=2     	Black=1} 1-0

[Event "45th FIDE Olympiad 2024"]
[Site "Budapest"]
[Date "2024.09.16"]
[Round "6.142"]
[White "Kulpruethanon, Thanadon"]
[Black "Krstulovic, Alex"]
[Result "0-1"]
[ECO "D85"]
[WhiteElo "2286"]
[BlackElo "2452"]
[Annotator "TA"]
[PlyCount "88"]
[EventDate "2024.09.05"]
[EventType "team-tourn"]
[EventCountry "HUN"]
[SourceTitle "playchess.com"]
[Source "ChessBase"]
[SourceQuality "1"]
[WhiteTeam "Thailand"]
[BlackTeam "Hungary C"]
[WhiteTeamCountry "THA"]
[TimeControl "40/5400+30:1800+30"]

1. d4 Nf6 2. c4 g6 3. Nc3 d5 4. cxd5 Nxd5 5. e4 Nxc3 6. bxc3 Bg7 7. Be3 c5 8. Rc1 Qa5 9. Qd2 O-O 10. d5 Nd7 11. c4 Qxd2+ 12. Kxd2 b6 {Black is slightly better.} 13. Ne2 e6 14. Nc3 Ne5 15. h3 Ba6 16. Nb5 Bxb5 17. cxb5 exd5 18. exd5 Rad8 19. f4 {[#]} Nd7 (19... Rxd5+ 20. Kc2 Nd7 21. Bc4 $15) 20. Bc4 Nf6 21. Kc2 Nxd5 22. Bd2 Nxf4 23. Bxf4 {Strongly threatening Rcd1.} Rd4 24. Kb3 {And now Rhf1 would win.} Rxf4 25. Rhf1 Rd4 26. Rce1 (26. Rcd1 $17) 26... Rd2 $19 {...Rb2+ is the strong threat.} 27. Re2 Rxe2 28. Bxe2 {[%mdl 4096] Endgame. KRB-KRB} Re8 29. Bf3 Bd4 (29... Re3+ $2 30. Kc2) 30. Kc4 Kg7 31. Kd5 f5 32. Rd1 Kf6 33. Kc6 Re3 34. Kb7 (34. Bd5 {might work better.}) 34... Ke5 35. Rc1 Ra3 36. Rc2 Be3 37. Be2 Kd4 38. Bc4 g5 39. Bb3 (39. Bg8 $142) 39... Kd3 {[%cal Oa3b3] White must now prevent ...Rxb3! Black is clearly winning.} 40. Rc4 h5 41. Kc6 g4 42. Kd5 {[#]} Rxb3 $1 43. axb3 (43. hxg4 Rb1) 43... gxh3 44. gxh3 f4 {Weighted Error Value: White=0.39/Black=0.05 (flawless) .  Mistake:       	White=3     	---        Inaccurate:     	White=5     	---        OK:         	White=9     	Black=21     Best:        	White=1     	Black=2} 0-1

[Event "45th FIDE Olympiad 2024"]
[Site "Budapest"]
[Date "2024.09.16"]
[Round "6.143"]
[White "Juhasz, Agoston"]
[Black "Bodemar, Jonathan"]
[Result "1-0"]
[ECO "C11"]
[WhiteElo "2427"]
[BlackElo "2195"]
[Annotator "TA"]
[PlyCount "81"]
[EventDate "2024.09.05"]
[EventType "team-tourn"]
[EventCountry "HUN"]
[SourceTitle "playchess.com"]
[Source "ChessBase"]
[SourceQuality "1"]
[WhiteTeam "Hungary C"]
[BlackTeam "Thailand"]
[BlackTeamCountry "THA"]
[TimeControl "40/5400+30:1800+30"]

1. e4 e6 2. d4 d5 3. Nc3 Nf6 4. e5 Nfd7 5. Nce2 c5 6. c3 Nc6 7. Nf3 Be7 8. a3 a5 9. Nf4 Qb6 10. h4 {White is slightly better.} a4 11. Rh3 g6 12. Be2 Ra7 (12... cxd4 $11 {remains equal.} 13. cxd4 Qb3) 13. Kf1 Na5 ({Better is} 13... Qb3) 14. Bd3 (14. Qxa4 $2 Nb3 15. dxc5 Bxc5 $19 (15... Rxa4 $2 16. cxb6 Nxa1 17. Nd3 $19) (15... Nxa1 16. Qxd7+ Bxd7 17. cxb6 $16)) (14. h5 $142 g5 15. Ng6 hxg6 16. hxg6) 14... Nb3 $16 15. Rb1 Nb8 16. Be3 Bd7 17. Kg1 Nc6 18. Ne2 (18. dxc5 $142 Qc7 19. Bc2) 18... h6 19. Rg3 Nca5 20. Nh2 Bb5 21. Ng4 h5 {[#]} (21... Bxd3 $14 {deserves consideration.} 22. Qxd3 Qa6) 22. Nf6+ $1 Bxf6 23. exf6 {[%cal Od3g6] Strongly threatening Bxg6!} Bxd3 24. Qxd3 {[%cal Og3g6] Hoping for Rxg6!} Qa6 25. Qc2 {[%cal Og3g6] Threatens to win with Rxg6! White is more active.} Nc4 {[#]} (25... b5 $16) 26. Nf4 (26. dxc5 $6 Kd8 $16) (26. Rxg6 $1 $18 {And now Rh6 would win.} cxd4 27. cxd4 (27. Bxd4 Ra8 $18)) 26... b5 27. dxc5 Qc6 28. Bd4 {[%cal Og3g6] Black must now prevent Rxg6!} e5 $2 {Loses the game.} (28... Kd8 $16) 29. Re1 Kf8 $2 (29... Kd8) 30. Bxe5 $18 {White is clearly winning.} (30. Qxg6 fxg6 31. Nxg6+ Ke8 (31... Kf7 $2 32. Nxh8+ Ke6 33. Rg6 $18) 32. Nxh8 Nxd4 (32... Qxf6 33. Rg8+ Kd7 34. c6+ Kxc6 35. Bxa7 $11) 33. Rg8+ Kd7 $19) 30... Nxe5 31. Rxe5 {[%cal Of4g6] Intending Nxg6+! and mate.} Qxf6 {[#]} 32. Rf3 $1 {[%cal Of4g6] Nxg6+! would kill now.} Kg7 {[%cal Bf8g7,Bg7f6,Bf6e6,Be6e5,Be5f4,Bf4e3,Be3d3][%mdl 32] [#]} 33. Ne6+ $1 fxe6 (33... Qxe6 34. Rxe6) 34. Rxf6 Kxf6 {[#]} 35. Rxe6+ $3 Kxe6 36. Qxg6+ Ke5 {[#]} 37. f4+ $1 Kxf4 38. Qf6+ Ke3 39. Qxh8 d4 40. Qe5+ Kd3 41. c6 {Weighted Error Value: White=0.17 (very precise) /Black=0.31.  Mistake:       	White=3     	Black=6      Inaccurate:     	White=2     	Black=5      OK:         	White=8     	Black=8      Best:        	White=1     	Black=1      Strong:       	White=1     	---} 1-0

[Event "45th FIDE Olympiad 2024"]
[Site "Budapest"]
[Date "2024.09.16"]
[Round "6.144"]
[White "Arunnuntapanich, Tinnakrit"]
[Black "Karacsonyi, Gellert"]
[Result "1/2-1/2"]
[ECO "E24"]
[WhiteElo "2064"]
[BlackElo "2403"]
[Annotator "TA"]
[PlyCount "90"]
[EventDate "2024.09.05"]
[EventType "team-tourn"]
[EventCountry "HUN"]
[SourceTitle "playchess.com"]
[Source "ChessBase"]
[SourceQuality "1"]
[WhiteTeam "Thailand"]
[BlackTeam "Hungary C"]
[WhiteTeamCountry "THA"]
[TimeControl "40/5400+30:1800+30"]

1. d4 Nf6 2. c4 e6 3. Nc3 Bb4 4. f3 c5 5. a3 Bxc3+ 6. bxc3 Nc6 7. e4 d6 8. d5 Na5 9. Bd3 b6 10. Ne2 {Black is slightly better.} Ba6 11. Ng3 Nd7 12. f4 Qe7 13. O-O O-O-O 14. Rb1 g6 15. Re1 Rhe8 (15... Bxc4 16. Bxc4 Nxc4 17. Qd3 $16) (15... Nxc4 $2 16. Qa4 Bb7 17. Bxc4 $18 (17. Qxc4 h5 $18)) 16. Be3 h5 (16... Nxc4 $2 17. Qa4 Nxe3 18. Qxa6+ (18. Bxa6+ Kb8 $18) 18... Kb8 19. Rxe3 $18) 17. Nf1 exd5 (17... Nxc4 $2 18. Qa4 Bb7 19. Qxc4 $18 (19. Bxc4 Kb8 $18)) (17... Nf6 $5) 18. exd5 Qf6 (18... Nxc4 $2 {loses.} 19. Qa4 Nb8 20. Bxc4 $18) 19. Nd2 Qxc3 20. Ne4 Rxe4 21. Bxe4 Re8 22. Bf2 Nxc4 $2 {[%mdl 8192] [#]} (22... Kc7 $11 {and Black has nothing to worry.}) 23. Rc1 $2 (23. Qa4 $1 $18 Na5 24. Bxg6) 23... Nb2 $1 $11 {Excellent horsemanship.} 24. Qc2 Qxc2 25. Bxc2 Rxe1+ 26. Rxe1 Bd3 27. Re8+ Kc7 28. Bxd3 Nxd3 $15 {[%mdl 4096] Endgame. KRB-KNN} 29. Be3 c4 30. Kf1 b5 31. Re7 (31. Ke2 $14) 31... a5 32. Ke2 ({Much worse is} 32. Bd2 b4 33. Ke2 Kd8 34. Rxf7 bxa3 35. Bxa5+ Ke8 $17) (32. f5 $11) 32... b4 (32... f5 $17 33. Rg7 b4 34. axb4 axb4) 33. axb4 $11 axb4 34. Rxf7 b3 {[#] White must now prevent ...b2.} 35. Kd2 b2 (35... Nb4 $5 36. Bd4 $8 Nxd5 $11) 36. Kc2 {aiming for Bd4. The position is equal.} c3 $1 37. Bd4 {[%cal Od4c3] Strongly threatening Bxc3!} (37. Kb1 $5 Nb4 $8 38. h4 $11) 37... Nb4+ 38. Kb1 $1 {Threatens to win with f5. The board is on fire.} Nxd5 39. f5 gxf5 40. Rxf5 N7b6 {[%cal Ob6c4] And now ...Nc4! would win.} 41. Bxc3 Nxc3+ 42. Kxb2 Nd1+ 43. Kb3 Ne3 44. Rxh5 Nxg2 45. h4 Kc6 {Weighted Error Value: White=0.21 (precise) /Black=0.20 (precise) .  Loses game:     	---       	Black=1      Missed win:     	White=1     	---        Mistake:       	White=2     	Black=1      Inaccurate:     	White=2     	Black=4      OK:         	White=13    	Black=15     Best:        	White=3     	Black=4      Strong:       	White=1     	Black=2} 1/2-1/2

[Event "45th FIDE Olympiad 2024"]
[Site "Budapest"]
[Date "2024.09.16"]
[Round "6.145"]
[White "Susilodinata, Andrean"]
[Black "Sipila, Vilka"]
[Result "0-1"]
[WhiteElo "2393"]
[BlackElo "2462"]
[PlyCount "78"]
[EventDate "2024.09.05"]
[EventType "team-tourn"]
[EventCountry "HUN"]
[WhiteTeam "Indonesia"]
[BlackTeam "Finland"]
[WhiteTeamCountry "INA"]
[BlackTeamCountry "FIN"]
[TimeControl "40/5400+30:1800+30"]

1. e4 c5 2. Nf3 d6 3. d4 cxd4 4. Nxd4 Nf6 5. Nc3 a6 6. Be2 e5 7. Nb3 Be7 8. Be3 Be6 9. Nd5 Nbd7 10. Qd3 Bxd5 11. exd5 Rc8 12. c4 a5 13. a4 b6 14. O-O O-O 15. Nd2 Nc5 16. Qb1 Nfd7 17. Bg4 g6 18. b4 axb4 19. Bxd7 Qxd7 20. Qxb4 f5 21. Bxc5 bxc5 22. Qb5 Qa7 23. a5 Rb8 24. Qa4 Bg5 25. Nf3 Bf6 26. Nd2 e4 27. Ra3 Rb4 28. Qc6 Be5 29. g3 Qb8 30. Kg2 Rf7 31. Re1 Rc7 32. Qa6 Ra7 33. Qc6 Rb2 34. Rd1 Qb4 35. Ra4 Qc3 36. a6 e3 37. Nf3 Rxf2+ 38. Kh3 e2 39. Ng5 Rxh2+ {0-} 0-1

[Event "45th FIDE Olympiad 2024"]
[Site "Budapest"]
[Date "2024.09.16"]
[Round "6.146"]
[White "Agopov, Mikael"]
[Black "Cahaya, Satria Duta"]
[Result "0-1"]
[WhiteElo "2451"]
[BlackElo "2219"]
[PlyCount "92"]
[EventDate "2024.09.05"]
[EventType "team-tourn"]
[EventCountry "HUN"]
[WhiteTeam "Finland"]
[BlackTeam "Indonesia"]
[WhiteTeamCountry "FIN"]
[BlackTeamCountry "INA"]
[TimeControl "40/5400+30:1800+30"]

1. e4 c5 2. Nf3 g6 3. d4 cxd4 4. Nxd4 Nc6 5. c4 Nf6 6. Nc3 d6 7. f3 Bg7 8. Be3 a5 9. Ndb5 O-O 10. Be2 Be6 11. O-O Nd7 12. Rb1 Nc5 13. b3 f5 14. exf5 Bxf5 15. Rc1 a4 16. Nd5 axb3 17. axb3 Ra2 18. b4 Nb3 19. Qxb3 Rxe2 20. Nbc3 Nd4 21. Qd1 Rc2 22. Rxc2 Bxc2 23. Qd2 e5 24. Nb5 Nxb5 25. Qxc2 Nd4 26. Qe4 Qa8 27. Bxd4 exd4 28. Re1 Qa2 29. Qd3 Kh8 30. g3 b5 31. Nb6 Qa7 32. c5 dxc5 33. bxc5 b4 34. Kg2 Qa5 35. Nd7 b3 36. Rb1 Rd8 37. c6 Qa2+ 38. Kh1 Re8 39. Qxb3 Re1+ 40. Rxe1 Qxb3 41. c7 Qc4 42. Nc5 Qg8 43. Rb1 Be5 44. Rb8 Bxc7 45. Rxg8+ Kxg8 46. Ne6 d3 {0-} 0-1